Canucks vs Kings

Created - April 6, 2024 at 22:00

Goals
1 2 3 T
Canucks 3 2 0 5
Kings 0 2 0 2
Shots
1 2 3 T
Canucks 13 22 28 63
Kings 9 6 7 22

1st period

1. Canucks , Mattias Samuelsson 8 (Andrei Kuzmenko 25, Chris Kreider 46) at 0:22
2. Canucks , Robby Fabbri 14 (Mattias Samuelsson 18, Chris Kreider 47) at 1:48
3. Canucks , Jack Roslovic 7 (Nick Bonino 14) at 14:33

Penalties :
Jamie Oleksiak (VAN) for Holding (Minor) at 11:39

2nd period

4. Kings , Jamie Devane 3 (Tyson Empey 7, Billy Sweezey 10) at 4:16
5. Canucks , Chris Kreider 36 (Claude Giroux 35, Mattias Samuelsson 19) at 5:51
6. Canucks , Andrei Kuzmenko 23 (Jonathan Toews 43) at 11:47 (PP)
7. Kings , Teuvo Teravainen 14 (Ryan McLeod 18) at 12:53

Penalties :
Brandon Baddock (LAK) for Tripping (Minor) at 11:37, Pierre-Cedric Labrie (LAK) for Holding Stick (Minor) at 16:13

3rd period

No Goal

Penalties :
Will Riedell (LAK) for Hooking (Minor) at 1:07, Teuvo Teravainen (LAK) for Holding (Minor) at 9:53, Mason Geertsen (LAK) for Hooking (Minor) at 11:59

Goalie Stats

Thatcher Demko (VAN), 20 saves from 22 shots - (0.909), W, 6-3-1, 60:00 minutes
Dylan Wells (LAK), 58 saves from 63 shots - (0.921), L, 2-13-2, 60:00 minutes

Players Stats for Canucks

Player Name              G  A  P  +/- PIM S  H  SB GA TA FO     MP     PP MP  PK MP  
------------------------------------------------------------------------------------
Andrei Kuzmenko          1  1  2   1  0   4  0  1  0  0  0/1    14:03   3:05   0:00 
Carson Soucy             0  0  0   1  0   0  3  0  0  0  0/0    17:19   0:00   1:04 
Chris Kreider            1  2  3   1  0   8  1  0  0  0  0/1    25:55   5:01   0:00 
Claude Giroux            0  1  1   1  0   4  0  0  0  0  13/23  16:31   5:01   0:32 
Cody Glass               0  0  0   0  0   1  1  0  0  0  6/14   11:19   0:00   0:24 
Ethan Bear               0  0  0   0  0   0  0  0  0  0  0/0     0:00   0:00   0:00 
Jack Roslovic            1  0  1   1  0   3  0  0  0  0  10/21  15:37   0:00   0:32 
Jamie Oleksiak           0  0  0   1  2   5  2  1  0  0  0/0    25:50   4:55   0:00 
Joel Edmundson           0  0  0   1  0   3  2  0  0  0  0/0    20:18   3:05   0:58 
Jonathan Toews           0  1  1   0  0   6  1  0  0  0  15/27  16:15   3:05   0:00 
Jordan Martinook         0  0  0   1  0   3  4  0  0  0  1/2    15:55   0:00   1:03 
Lawson Crouse            0  0  0   0  0   5  4  0  0  0  2/5    19:38   4:15   1:27 
Matthew Boldy            0  0  0   0  0   7  0  0  0  0  1/1    16:15   3:05   0:00 
Mattias Samuelsson       1  2  3   3  0   3  0  0  0  0  0/0    16:16   3:11   1:00 
Nick Bonino              0  1  1   1  0   5  0  0  0  0  0/0    15:38   0:46   0:00 
Olli Maatta              0  0  0   0  0   0  1  1  0  0  0/0    13:46   0:06   0:56 
Robby Fabbri             1  0  1   0  0   6  1  0  0  0  1/1    10:55   0:00   0:00 
Vince Dunn               0  0  0  -2  0   0  3  1  0  0  0/0    26:30   4:55   0:00 

Players Stats for Kings

Player Name              G  A  P  +/- PIM S  H  SB GA TA FO     MP     PP MP  PK MP  
------------------------------------------------------------------------------------
Billy Sweezey            0  1  1   1  0   0  4  2  0  0  0/0    24:45   1:00   4:33 
Brandon Baddock          0  0  0   1  2   0  3  3  0  0  4/13   18:43   0:59   5:23 
Jamie Devane             1  0  1   0  0   1  2  0  0  0  1/1    12:51   0:00   0:18 
Jerad Rosburg            0  0  0  -2  0   0  3  1  0  0  0/0    22:50   0:54   4:00 
Jesperi Kotkaniemi       0  0  0  -1  0   1  0  0  0  0  11/17  14:01   0:59   0:29 
Joey Abate               0  0  0   0  0   3  2  0  0  0  7/17   13:33   1:00   0:00 
John Parker-Jones        0  0  0  -1  0   0  0  0  0  0  1/2    13:43   0:59   0:06 
Jordan Greenway          0  0  0  -2  0   4  0  2  0  0  0/2    18:15   1:00   4:17 
Josh Healey              0  0  0  -2  0   0  2  3  0  0  0/0    15:04   0:05   2:40 
Logan O'Connor           0  0  0  -1  0   0  0  2  0  0  1/2    12:33   0:00   0:00 
Mason Geertsen           0  0  0  -1  2   1  3  1  0  0  0/0    20:53   0:54   2:40 
Mitch McLain             0  0  0  -2  0   0  0  0  0  0  5/6    15:41   1:00   2:14 
Pierre-Cedric Labrie     0  0  0   0  2   1  1  0  0  0  0/1    12:32   0:00   0:00 
Ryan McLeod              0  1  1   1  0   3  0  1  0  0  10/21  14:36   0:00   2:14 
Teuvo Teravainen         1  0  1   1  2   7  0  0  0  0  0/0    13:18   0:00   0:26 
Tyson Empey              0  1  1   1  0   0  3  1  0  0  0/0    13:51   0:00   0:00 
Vincent Arseneau         0  0  0  -2  0   1  0  2  0  0  7/14   13:23   0:05   0:51 
Will Riedell             0  0  0  -1  2   0  4  3  0  0  0/0    21:17   1:00   2:13 

3 Stars

1 - Mattias Samuelsson (VAN)
2 - Chris Kreider (VAN)
3 - Andrei Kuzmenko (VAN)

Power Play

Canucks - 1 on 5 Attempt(s) - 20.00%
Kings - 0 on 1 Attempt(s) - 0.00%

Penalty Kill

Canucks - 1 on 1 Attempt(s) - 100.00% - Score 0 goal in Penalty Kill
Kings - 4 on 5 Attempt(s) - 80.00% - Score 0 goal in Penalty Kill

Team Stat

Canucks - Hits : 23 - Faceoff Wins : 49 - Blocked Shots : 4 - Penalty Minutes : 2
Kings - Hits : 27 - Faceoff Wins : 47 - Blocked Shots : 21 - Penalty Minutes : 10

Official

Referees : Morgan Macphee and Peter Macdougall
Linesman : David Brisebois and Bryan Pancich

Game Notes

No Game Note

Finance

Level 1 -- Attendance: 6000 (100.00%) -- Ticket Income $390,000
Level 2 -- Attendance: 5000 (100.00%) -- Ticket Income $225,000
Level 3 -- Attendance: 2000 (100.00%) -- Ticket Income $80,000
Level 4 -- Attendance: 4000 (100.00%) -- Ticket Income $140,000
Luxury Box -- Attendance: 1000 (100.00%) -- Ticket Income $100,000
Game was played at the Staples Center.
Total Attendance: 18000 (100.00%)
Total Ticket Income: $935,000
Other Income: $458,150
Total Income: $1,393,150

Canucks

5 vs 5 Forward 
   Center                   Left Wing                Right Wing               Time % Phy DF OF 
 1 Claude Giroux            Chris Kreider            Andrei Kuzmenko          25     1   2  2  
 2 Jonathan Toews           Matthew Boldy            Lawson Crouse            25     1   2  2  
 3 Jack Roslovic            Nick Bonino              Jordan Martinook         25     1   2  2  
 4 Cody Glass               Robby Fabbri             Chris Kreider            25     1   2  2  

5 vs 5 Defense 
   Defense                  Defense                                           Time % Phy DF OF 
 1 Jamie Oleksiak           Mattias Samuelsson                                25     1   2  2  
 2 Joel Edmundson           Carson Soucy                                      25     1   2  2  
 3 Olli Maatta              Vince Dunn                                        25     1   2  2  
 4 Jamie Oleksiak           Vince Dunn                                        25     1   2  2  

PowerPlay Forward 
   Center                   Left Wing                Right Wing               Time % Phy DF OF 
 1 Claude Giroux            Chris Kreider            Lawson Crouse            60     1   2  2  
 2 Jonathan Toews           Matthew Boldy            Andrei Kuzmenko          40     1   2  2  

PowerPlay Defense
   Defense                  Defense                                           Time % Phy DF OF 
 1 Jamie Oleksiak           Vince Dunn                                        60     1   2  2  
 2 Joel Edmundson           Mattias Samuelsson                                40     1   2  2  

Penalty Kill 4 Players Forward 
   Center                   Wing                     Time % Phy DF OF 
 1 Lawson Crouse            Jordan Martinook         60     1   2  2  
 2 Jack Roslovic            Claude Giroux            40     1   2  2  

Penalty Kill 4 Players Defense
   Defense                  Defense                  Time % Phy DF OF 
 1 Jamie Oleksiak           Mattias Samuelsson       60     1   2  2  
 2 Joel Edmundson           Carson Soucy             40     1   2  2  

Penalty Kill - 3 Players Forward 
   Forward                                           Time % Phy DF OF 
 1 Jonathan Toews                                    60     1   2  2  
 2 Claude Giroux                                     40     1   2  2  

Penalty Kill - 3 Players Defense
   Defense                  Defense                  Time % Phy DF OF 
 1 Jamie Oleksiak           Mattias Samuelsson       60     1   2  2  
 2 Joel Edmundson           Carson Soucy             40     1   2  2  

4 vs 4 Forward 
   Center                   Wing                     Time % Phy DF OF 
 1 Jack Roslovic            Claude Giroux            60     1   2  2  
 2 Lawson Crouse            Jonathan Toews           40     1   2  2  

4 vs 4 Defense
   Defense                  Defense                  Time % Phy DF OF 
 1 Jamie Oleksiak           Vince Dunn               60     1   2  2  
 2 Joel Edmundson           Mattias Samuelsson       40     1   2  2  

Last Minutes Offensive
   Center                   Left Wing                Right Wing               Defense                  Defense                  
   Claude Giroux            Chris Kreider            Lawson Crouse            Jamie Oleksiak           Vince Dunn               

Last Minutes Defensive
   Center                   Left Wing                Right Wing               Defense                  Defense                  
   Claude Giroux            Chris Kreider            Lawson Crouse            Jamie Oleksiak           Vince Dunn               

Goaltenders
Starting : Thatcher Demko           
Backup : Darcy Kuemper            

Extra Forwards
Normal : Nick Bonino, Jack Roslovic, Cody Glass - PP : Nick Bonino, Jack Roslovic - PK : Cody Glass
Extra Defensemen
Normal : Olli Maatta, Carson Soucy, Joel Edmundson - PP : Olli Maatta - PK : Carson Soucy, Joel Edmundson
Penalty Shots
Chris Kreider, Claude Giroux, Lawson Crouse, Jonathan Toews, Matthew Boldy
Custom OT Lines Forwards
Chris Kreider, Claude Giroux, Lawson Crouse, Jonathan Toews, Matthew Boldy, Andrei Kuzmenko, Nick Bonino, Jack Roslovic, Cody Glass, Jordan Martinook
Custom OT Lines Defensemen
Jamie Oleksiak, Vince Dunn, Joel Edmundson, Mattias Samuelsson, Olli Maatta

Scratches
Pius Suter (Healthy), Patrick Brown (Healthy), Riley Nash (Healthy)

Kings

5 vs 5 Forward 
   Center                   Left Wing                Right Wing               Time % Phy DF OF 
 1 Vincent Arseneau         Mitch McLain             Jordan Greenway          25     3   1  1  
 2 Ryan McLeod              Brandon Baddock          Teuvo Teravainen         25     3   1  1  
 3 Joey Abate               Pierre-Cedric Labrie     Jamie Devane             25     3   1  1  
 4 Jesperi Kotkaniemi       Logan O'Connor           John Parker-Jones        25     3   1  1  

5 vs 5 Defense 
   Defense                  Defense                                           Time % Phy DF OF 
 1 Josh Healey              Jerad Rosburg                                     25     3   1  1  
 2 Billy Sweezey            Tyson Empey                                       25     3   1  1  
 3 Mason Geertsen           Will Riedell                                      25     3   1  1  
 4 Billy Sweezey            Jerad Rosburg                                     25     3   1  1  

PowerPlay Forward 
   Center                   Left Wing                Right Wing               Time % Phy DF OF 
 1 Jordan Greenway          Joey Abate               Mitch McLain             60     5   0  0  
 2 Brandon Baddock          Mason Geertsen           Jesperi Kotkaniemi       40     5   0  0  

PowerPlay Defense
   Defense                  Defense                                           Time % Phy DF OF 
 1 John Parker-Jones        Jerad Rosburg                                     60     5   0  0  
 2 Billy Sweezey            Will Riedell                                      40     5   0  0  

Penalty Kill 4 Players Forward 
   Center                   Wing                     Time % Phy DF OF 
 1 Brandon Baddock          Jordan Greenway          60     5   0  0  
 2 Mitch McLain             Ryan McLeod              40     5   0  0  

Penalty Kill 4 Players Defense
   Defense                  Defense                  Time % Phy DF OF 
 1 Will Riedell             Jerad Rosburg            60     5   0  0  
 2 Mason Geertsen           Billy Sweezey            40     5   0  0  

Penalty Kill - 3 Players Forward 
   Forward                                           Time % Phy DF OF 
 1 Brandon Baddock                                   60     1   2  2  
 2 Teuvo Teravainen                                  40     1   2  2  

Penalty Kill - 3 Players Defense
   Defense                  Defense                  Time % Phy DF OF 
 1 Billy Sweezey            Jerad Rosburg            60     1   2  2  
 2 Mason Geertsen           Will Riedell             40     1   2  2  

4 vs 4 Forward 
   Center                   Wing                     Time % Phy DF OF 
 1 Jamie Devane             Mitch McLain             60     5   0  0  
 2 Brandon Baddock          Jordan Greenway          40     5   0  0  

4 vs 4 Defense
   Defense                  Defense                  Time % Phy DF OF 
 1 Will Riedell             Jerad Rosburg            60     5   0  0  
 2 Billy Sweezey            Mason Geertsen           40     5   0  0  

Last Minutes Offensive
   Center                   Left Wing                Right Wing               Defense                  Defense                  
   Mitch McLain             Brandon Baddock          Jordan Greenway          Jerad Rosburg            Billy Sweezey            

Last Minutes Defensive
   Center                   Left Wing                Right Wing               Defense                  Defense                  
   Mitch McLain             Brandon Baddock          Jordan Greenway          Billy Sweezey            Jerad Rosburg            

Goaltenders
Starting : Dylan Wells              
Backup : Farm Goalie 17           

Extra Forwards
Normal : Jordan Greenway, Ryan McLeod, Mitch McLain - PP : Jordan Greenway, Brandon Baddock - PK : Jordan Greenway
Extra Defensemen
Normal : Jerad Rosburg, Mason Geertsen, Billy Sweezey - PP : Jerad Rosburg - PK : Jerad Rosburg, Billy Sweezey
Penalty Shots
Jordan Greenway, Ryan McLeod, Mitch McLain, Brandon Baddock, Mason Geertsen
Custom OT Lines Forwards
Joey Abate, Ryan McLeod, Jesperi Kotkaniemi, Jordan Greenway, Mitch McLain, Brandon Baddock, Mason Geertsen, Jamie Devane, Vincent Arseneau, Teuvo Teravainen
Custom OT Lines Defensemen
Tyson Empey, Jerad Rosburg, Billy Sweezey, Mason Geertsen, Will Riedell

Scratches
Chris Wideman (Left Hand Injury), Cedric Lacroix (Healthy), Maxime Lagace (Exhaustion)

% Time on Ice - Canucks

Lines # - Real PCT - Wanted PCT - Time Play
Normal Forward
1 - 22% - 25% - 10:58
2 - 26% - 25% - 13:10
3 - 30% - 25% - 14:52
4 - 22% - 25% - 10:55
Normal Defense
1 - 24% - 25% - 12:05
2 - 33% - 25% - 16:15
3 - 25% - 25% - 12:31
4 - 18% - 25% - 9:04
PP Forward
1 - 62% - 60% - 5:01
2 - 38% - 40% - 3:05
PP Defense
1 - 61% - 60% - 4:55
2 - 39% - 40% - 3:11
PK Forward
1 - 73% - 60% - 1:27
2 - 27% - 40% - 0:32
PK Defense
1 - 71% - 60% - 1:24
2 - 29% - 40% - 0:35
PK3 Forward
1 - 0% - 60%
2 - 0% - 40%
PK3 Defense
1 - 0% - 60%
2 - 0% - 40%
44 Forward
1 - 0% - 60%
2 - 0% - 40%
44 Defense
1 - 0% - 60%
2 - 0% - 40%
Last Minute Offensive  - 0:00
Last Minute Defensive  - 0:00
Total
Forward - 60:00
Defense - 60:00

% Time on Ice - Kings

Lines # - Real PCT - Wanted PCT - Time Play
Normal Forward
1 - 25% - 25% - 12:27
2 - 25% - 25% - 12:22
3 - 25% - 25% - 12:33
4 - 25% - 25% - 12:33
Normal Defense
1 - 21% - 25% - 10:32
2 - 28% - 25% - 13:51
3 - 35% - 25% - 17:20
4 - 16% - 25% - 8:12
PP Forward
1 - 50% - 60% - 1:00
2 - 50% - 40% - 0:59
PP Defense
1 - 50% - 60% - 0:59
2 - 50% - 40% - 1:00
PK Forward
1 - 72% - 60% - 5:52
2 - 28% - 40% - 2:14
PK Defense
1 - 48% - 60% - 3:54
2 - 52% - 40% - 4:12
PK3 Forward
1 - 0% - 60%
2 - 0% - 40%
PK3 Defense
1 - 0% - 60%
2 - 0% - 40%
44 Forward
1 - 0% - 60%
2 - 0% - 40%
44 Defense
1 - 0% - 60%
2 - 0% - 40%
Last Minute Offensive  - 0:00
Last Minute Defensive  - 0:00
Total
Forward - 60:00
Defense - 60:00

Play-by-Play

1st period


0:01 of 1st period - Claude Giroux wins face-off versus Vincent Arseneau in neutral zone.
0:20 of 1st period - Shot by Chris Kreider.
0:20 of 1st period - Deflect By Andrei Kuzmenko.
0:20 of 1st period - Shot Misses the Net.
0:22 of 1st period - Shot by Mattias Samuelsson.
0:22 of 1st period - Goal by Mattias Samuelsson - Canucks : 1 - Kings : 0.
0:23 of 1st period - Jonathan Toews wins face-off versus Ryan McLeod in neutral zone.
0:34 of 1st period - Shot by Jonathan Toews.
0:34 of 1st period - Stopped by Dylan Wells with a rebound.
0:45 of 1st period - Shot by Teuvo Teravainen.
0:45 of 1st period - Stopped by Thatcher Demko without a rebound.
0:46 of 1st period - Jack Roslovic wins face-off versus Joey Abate in Canucks zone.
1:38 of 1st period - Shot by Chris Kreider.
1:38 of 1st period - Shot Misses the Net.
1:40 of 1st period - Shot by Robby Fabbri.
1:40 of 1st period - Shot Misses the Net.
1:48 of 1st period - Shot by Robby Fabbri.
1:48 of 1st period - Goal by Robby Fabbri - Canucks : 2 - Kings : 0.
1:49 of 1st period - Jesperi Kotkaniemi wins face-off versus Jonathan Toews in neutral zone.
1:51 of 1st period - Off-side.
1:52 of 1st period - John Parker-Jones wins face-off versus Cody Glass in neutral zone.
2:11 of 1st period - Chris Kreider is hit by Billy Sweezey and loses puck.
2:28 of 1st period - Shot by Cody Glass.
2:28 of 1st period - Stopped by Dylan Wells with a rebound.
2:30 of 1st period - Shot by Robby Fabbri.
2:30 of 1st period - Stopped by Dylan Wells without a rebound.
2:31 of 1st period - Vincent Arseneau wins face-off versus Jonathan Toews in Kings zone.
2:31 of 1st period - Vincent Arseneau is hit by Lawson Crouse.
3:24 of 1st period - Teuvo Teravainen is hit by Vince Dunn.
4:11 of 1st period - Jamie Devane is hit by Carson Soucy and loses puck.
4:29 of 1st period - Claude Giroux is hit by Jamie Devane and loses puck.
4:51 of 1st period - Jesperi Kotkaniemi is hit by Carson Soucy and loses puck.
5:19 of 1st period - Jordan Greenway is hit by Joel Edmundson and loses puck.
5:28 of 1st period - Shot by Jordan Greenway.
5:28 of 1st period - Shot Misses the Net.
5:30 of 1st period - Shot by Jordan Greenway.
5:30 of 1st period - Shot Blocked by Andrei Kuzmenko.
5:32 of 1st period - Shot by Jordan Greenway.
5:32 of 1st period - Deflect By Vincent Arseneau.
5:32 of 1st period - Shot Misses the Net.
5:54 of 1st period - Shot by Teuvo Teravainen.
5:54 of 1st period - Stopped by Thatcher Demko with a rebound.
5:56 of 1st period - Shot by Mason Geertsen.
5:56 of 1st period - Stopped by Thatcher Demko without a rebound.
5:57 of 1st period - Jack Roslovic wins face-off versus Ryan McLeod in Canucks zone.
6:11 of 1st period - Nick Bonino is hit by Tyson Empey and loses puck.
6:32 of 1st period - Jack Roslovic is hit by Billy Sweezey and loses puck.
7:01 of 1st period - Will Riedell is hit by Lawson Crouse and loses puck.
7:06 of 1st period - Shot by Lawson Crouse.
7:06 of 1st period - Stopped by Dylan Wells with a rebound.
7:08 of 1st period - Shot by Mattias Samuelsson.
7:08 of 1st period - Shot Misses the Net.
7:10 of 1st period - Shot by Mattias Samuelsson.
7:10 of 1st period - Shot Blocked by Logan O'Connor.
7:12 of 1st period - Shot by Jonathan Toews.
7:12 of 1st period - Shot Hit the Post.
7:14 of 1st period - Shot by Lawson Crouse.
7:14 of 1st period - Shot Blocked by Mason Geertsen.
7:39 of 1st period - Off-side.
7:40 of 1st period - Cody Glass wins face-off versus Vincent Arseneau in neutral zone.
8:41 of 1st period - Jamie Devane is hit by Olli Maatta and loses puck.
8:54 of 1st period - Off-side.
8:55 of 1st period - Claude Giroux wins face-off versus Ryan McLeod in neutral zone.
8:55 of 1st period - Claude Giroux is hit by Brandon Baddock.
9:05 of 1st period - Shot by Claude Giroux.
9:05 of 1st period - Stopped by Dylan Wells with a rebound.
9:23 of 1st period - Shot by Teuvo Teravainen.
9:23 of 1st period - Stopped by Thatcher Demko without a rebound.
9:24 of 1st period - Vincent Arseneau wins face-off versus Jack Roslovic in Canucks zone.
10:03 of 1st period - Mitch McLain is hit by Robby Fabbri and loses puck.
10:44 of 1st period - Shot by Matthew Boldy.
10:44 of 1st period - Stopped by Dylan Wells without a rebound.
10:45 of 1st period - Jonathan Toews wins face-off versus John Parker-Jones in Kings zone.
10:45 of 1st period - Matthew Boldy is hit by Billy Sweezey.
10:54 of 1st period - Off-side.
10:55 of 1st period - Jordan Martinook wins face-off versus Joey Abate in neutral zone.
10:57 of 1st period - Off-side.
10:58 of 1st period - Jesperi Kotkaniemi wins face-off versus Jonathan Toews in neutral zone.
11:07 of 1st period - Shot by Jesperi Kotkaniemi.
11:07 of 1st period - Stopped by Thatcher Demko without a rebound.
11:08 of 1st period - Cody Glass wins face-off versus Joey Abate in Canucks zone.
11:08 of 1st period - Cody Glass is hit by Jamie Devane.
11:22 of 1st period - Shot by Robby Fabbri.
11:22 of 1st period - Stopped by Dylan Wells with a rebound.
11:35 of 1st period - Pierre-Cedric Labrie is hit by Vince Dunn and loses puck.
11:39 of 1st period - Minor Penalty to Jamie Oleksiak for Holding.
11:40 of 1st period - Brandon Baddock wins face-off versus Lawson Crouse in Canucks zone.
12:00 of 1st period - John Parker-Jones is hit by Jordan Martinook.
12:44 of 1st period - Shot by Jordan Greenway.
12:44 of 1st period - Stopped by Thatcher Demko with a rebound.
12:46 of 1st period - Shot by Billy Sweezey.
12:46 of 1st period - Deflect By Joey Abate.
12:46 of 1st period - Stopped by Thatcher Demko without a rebound.
12:47 of 1st period - Lawson Crouse wins face-off versus Jordan Greenway in Canucks zone.
12:47 of 1st period - Lawson Crouse is hit by Joey Abate.
13:55 of 1st period - Shot by Chris Kreider.
13:55 of 1st period - Deflect By Andrei Kuzmenko.
13:55 of 1st period - Shot Misses the Net.
14:07 of 1st period - Shot by Ryan McLeod.
14:07 of 1st period - Stopped by Thatcher Demko without a rebound.
14:08 of 1st period - Jesperi Kotkaniemi wins face-off versus Jack Roslovic in Canucks zone.
14:33 of 1st period - Shot by Jack Roslovic.
14:33 of 1st period - Goal by Jack Roslovic - Canucks : 3 - Kings : 0.
14:34 of 1st period - Robby Fabbri wins face-off versus Joey Abate in neutral zone.
14:36 of 1st period - Chris Kreider is hit by Jerad Rosburg and loses puck.
14:58 of 1st period - Shot by Pierre-Cedric Labrie.
14:58 of 1st period - Shot Misses the Net.
15:06 of 1st period - Shot by Chris Kreider.
15:06 of 1st period - Shot Misses the Net.
16:36 of 1st period - Shot by Teuvo Teravainen.
16:36 of 1st period - Stopped by Thatcher Demko with a rebound.
18:18 of 1st period - Shot by Andrei Kuzmenko.
18:18 of 1st period - Shot Misses the Net.
18:20 of 1st period - Shot by Chris Kreider.
18:20 of 1st period - Deflect By Andrei Kuzmenko.
18:20 of 1st period - Stopped by Dylan Wells without a rebound.
18:21 of 1st period - Jesperi Kotkaniemi wins face-off versus Cody Glass in Kings zone.
18:21 of 1st period - Jesperi Kotkaniemi is hit by Chris Kreider.
18:52 of 1st period - Shot by Robby Fabbri.
18:52 of 1st period - Stopped by Dylan Wells without a rebound.
18:53 of 1st period - Joey Abate wins face-off versus Claude Giroux in Kings zone.
19:10 of 1st period - Shot by Claude Giroux.
19:10 of 1st period - Stopped by Dylan Wells without a rebound.
19:11 of 1st period - Ryan McLeod wins face-off versus Jack Roslovic in Kings zone.
19:31 of 1st period - Brandon Baddock is hit by Jamie Oleksiak and loses puck.
Goals for this period are 3 for Canucks vs 0 for Kings.
Shots for this period are 13 for Canucks vs 9 for Kings.

2nd period


0:01 of 2nd period - Jesperi Kotkaniemi wins face-off versus Claude Giroux in neutral zone.
0:03 of 2nd period - Logan O'Connor is hit by Jamie Oleksiak and loses puck.
0:19 of 2nd period - Shot by Chris Kreider.
0:19 of 2nd period - Stopped by Dylan Wells without a rebound.
0:20 of 2nd period - Jonathan Toews wins face-off versus Ryan McLeod in Kings zone.
0:21 of 2nd period - Shot by Matthew Boldy.
0:21 of 2nd period - Stopped by Dylan Wells without a rebound.
0:22 of 2nd period - Matthew Boldy wins face-off versus Brandon Baddock in Kings zone.
0:29 of 2nd period - Shot by Matthew Boldy.
0:29 of 2nd period - Deflect By Jonathan Toews.
0:29 of 2nd period - Stopped by Dylan Wells without a rebound.
0:30 of 2nd period - Jesperi Kotkaniemi wins face-off versus Claude Giroux in Kings zone.
0:50 of 2nd period - Claude Giroux is hit by Billy Sweezey and loses puck.
0:53 of 2nd period - Shot by Chris Kreider.
0:53 of 2nd period - Stopped by Dylan Wells without a rebound.
0:54 of 2nd period - Joey Abate wins face-off versus Jack Roslovic in Kings zone.
0:54 of 2nd period - Joey Abate is hit by Jordan Martinook.
1:03 of 2nd period - Jack Roslovic is hit by Will Riedell and loses puck.
1:18 of 2nd period - Shot by Jordan Martinook.
1:18 of 2nd period - Stopped by Dylan Wells without a rebound.
1:19 of 2nd period - Ryan McLeod wins face-off versus Cody Glass in Kings zone.
1:41 of 2nd period - Off-side.
1:42 of 2nd period - Jonathan Toews wins face-off versus Jesperi Kotkaniemi in neutral zone.
1:49 of 2nd period - Shot by Matthew Boldy.
1:49 of 2nd period - Shot Misses the Net.
1:51 of 2nd period - Shot by Joel Edmundson.
1:51 of 2nd period - Shot Misses the Net.
1:58 of 2nd period - Jonathan Toews is hit by Will Riedell and loses puck.
2:10 of 2nd period - Lawson Crouse is hit by Will Riedell and loses puck.
2:53 of 2nd period - Shot by Chris Kreider.
2:53 of 2nd period - Stopped by Dylan Wells with a rebound.
2:55 of 2nd period - Shot by Chris Kreider.
2:55 of 2nd period - Stopped by Dylan Wells with a rebound.
2:57 of 2nd period - Shot by Chris Kreider.
2:57 of 2nd period - Shot Blocked by Will Riedell.
3:08 of 2nd period - Claude Giroux is hit by Mason Geertsen and loses puck.
3:18 of 2nd period - Icing by Logan O'Connor.
3:19 of 2nd period - Logan O'Connor wins face-off versus Jack Roslovic in Kings zone.
3:42 of 2nd period - Shot by Nick Bonino.
3:42 of 2nd period - Stopped by Dylan Wells without a rebound.
3:43 of 2nd period - Jonathan Toews wins face-off versus Vincent Arseneau in Kings zone.
3:46 of 2nd period - Shot by Lawson Crouse.
3:46 of 2nd period - Stopped by Dylan Wells with a rebound.
4:04 of 2nd period - Shot by Jordan Greenway.
4:04 of 2nd period - Stopped by Thatcher Demko without a rebound.
4:05 of 2nd period - Joey Abate wins face-off versus Cody Glass in Canucks zone.
4:16 of 2nd period - Shot by Jamie Devane.
4:16 of 2nd period - Goal by Jamie Devane - Canucks : 3 - Kings : 1.
4:17 of 2nd period - Jack Roslovic wins face-off versus Ryan McLeod in neutral zone.
4:22 of 2nd period - Icing by Jerad Rosburg.
4:23 of 2nd period - Cody Glass wins face-off versus Ryan McLeod in Kings zone.
4:48 of 2nd period - Shot by Ryan McLeod.
4:48 of 2nd period - Stopped by Thatcher Demko without a rebound.
4:49 of 2nd period - Joey Abate wins face-off versus Jack Roslovic in Canucks zone.
5:11 of 2nd period - Shot by Jordan Martinook.
5:11 of 2nd period - Shot Misses the Net.
5:51 of 2nd period - Shot by Chris Kreider.
5:51 of 2nd period - Goal by Chris Kreider - Canucks : 4 - Kings : 1.
5:52 of 2nd period - Ryan McLeod wins face-off versus Jonathan Toews in neutral zone.
5:57 of 2nd period - Shot by Ryan McLeod.
5:57 of 2nd period - Shot Misses the Net.
5:59 of 2nd period - Shot by Ryan McLeod.
5:59 of 2nd period - Stopped by Thatcher Demko without a rebound.
6:00 of 2nd period - Cody Glass wins face-off versus Vincent Arseneau in Canucks zone.
6:18 of 2nd period - Shot by Vincent Arseneau.
6:18 of 2nd period - Shot Blocked by Jamie Oleksiak.
6:38 of 2nd period - Icing by Jamie Oleksiak.
6:39 of 2nd period - Ryan McLeod wins face-off versus Cody Glass in Canucks zone.
6:44 of 2nd period - Shot by Teuvo Teravainen.
6:44 of 2nd period - Shot Misses the Net.
7:09 of 2nd period - Jamie Oleksiak is hit by Brandon Baddock.
7:27 of 2nd period - Shot by Matthew Boldy.
7:27 of 2nd period - Shot Misses the Net.
7:29 of 2nd period - Shot by Matthew Boldy.
7:29 of 2nd period - Shot Misses the Net.
7:31 of 2nd period - Shot by Joel Edmundson.
7:31 of 2nd period - Stopped by Dylan Wells without a rebound.
7:32 of 2nd period - Jack Roslovic wins face-off versus Joey Abate in Kings zone.
7:51 of 2nd period - Shot by Jordan Martinook.
7:51 of 2nd period - Shot Hit the Post.
7:53 of 2nd period - Shot by Nick Bonino.
7:53 of 2nd period - Shot Blocked by Tyson Empey.
7:55 of 2nd period - Shot by Joel Edmundson.
7:55 of 2nd period - Stopped by Dylan Wells without a rebound.
7:56 of 2nd period - Mitch McLain wins face-off versus Jonathan Toews in Kings zone.
7:56 of 2nd period - Mitch McLain is hit by Lawson Crouse.
8:13 of 2nd period - Icing by Lawson Crouse.
8:14 of 2nd period - Jonathan Toews wins face-off versus Jesperi Kotkaniemi in Canucks zone.
8:32 of 2nd period - Icing by Logan O'Connor.
8:33 of 2nd period - Jesperi Kotkaniemi wins face-off versus Claude Giroux in Kings zone.
9:24 of 2nd period - Nick Bonino is hit by Josh Healey and loses puck.
9:29 of 2nd period - Shot by Nick Bonino.
9:29 of 2nd period - Shot Misses the Net.
9:32 of 2nd period - Nick Bonino is hit by Jerad Rosburg and loses puck.
9:49 of 2nd period - Shot by Jordan Martinook.
9:49 of 2nd period - Shot Misses the Net.
9:51 of 2nd period - Shot by Jack Roslovic.
9:51 of 2nd period - Stopped by Dylan Wells without a rebound.
9:52 of 2nd period - Jonathan Toews wins face-off versus Joey Abate in Kings zone.
10:01 of 2nd period - Shot by Matthew Boldy.
10:01 of 2nd period - Shot Blocked by Will Riedell.
10:03 of 2nd period - Shot by Matthew Boldy.
10:03 of 2nd period - Deflect By Jonathan Toews.
10:03 of 2nd period - Stopped by Dylan Wells with a rebound.
10:28 of 2nd period - Shot by Jonathan Toews.
10:28 of 2nd period - Shot Misses the Net.
10:38 of 2nd period - Jonathan Toews is hit by Joey Abate and loses puck.
11:37 of 2nd period - Minor Penalty to Brandon Baddock for Tripping.
11:38 of 2nd period - Jesperi Kotkaniemi wins face-off versus Jonathan Toews in Kings zone.
11:47 of 2nd period - Shot by Andrei Kuzmenko.
11:47 of 2nd period - Goal by Andrei Kuzmenko - Canucks : 5 - Kings : 1.
11:48 of 2nd period - Mitch McLain wins face-off versus Jack Roslovic in neutral zone.
11:56 of 2nd period - Jordan Greenway is hit by Joel Edmundson and loses puck.
12:23 of 2nd period - Shot by Jack Roslovic.
12:23 of 2nd period - Deflect By Nick Bonino.
12:23 of 2nd period - Stopped by Dylan Wells without a rebound.
12:24 of 2nd period - Ryan McLeod wins face-off versus Claude Giroux in Kings zone.
12:51 of 2nd period - Shot by Teuvo Teravainen.
12:51 of 2nd period - Shot Misses the Net.
12:53 of 2nd period - Shot by Teuvo Teravainen.
12:53 of 2nd period - Goal by Teuvo Teravainen - Canucks : 5 - Kings : 2.
12:54 of 2nd period - Jonathan Toews wins face-off versus Jesperi Kotkaniemi in neutral zone.
13:03 of 2nd period - Shot by Matthew Boldy.
13:03 of 2nd period - Stopped by Dylan Wells without a rebound.
13:04 of 2nd period - Jack Roslovic wins face-off versus Joey Abate in Kings zone.
13:13 of 2nd period - Shot by Joey Abate.
13:13 of 2nd period - Stopped by Thatcher Demko without a rebound.
13:14 of 2nd period - Ryan McLeod wins face-off versus Claude Giroux in Canucks zone.
13:32 of 2nd period - Icing by Mason Geertsen.
13:33 of 2nd period - Ryan McLeod wins face-off versus Jonathan Toews in Kings zone.
13:33 of 2nd period - Ryan McLeod is hit by Lawson Crouse.
13:49 of 2nd period - Shot by Matthew Boldy.
13:49 of 2nd period - Shot Misses the Net.
13:51 of 2nd period - Shot by Vince Dunn.
13:51 of 2nd period - Shot Misses the Net.
13:53 of 2nd period - Shot by Lawson Crouse.
13:53 of 2nd period - Shot Blocked by Ryan McLeod.
13:55 of 2nd period - Shot by Jonathan Toews.
13:55 of 2nd period - Shot Misses the Net.
13:57 of 2nd period - Shot by Lawson Crouse.
13:57 of 2nd period - Stopped by Dylan Wells without a rebound.
13:58 of 2nd period - Claude Giroux wins face-off versus Logan O'Connor in Kings zone.
14:09 of 2nd period - Shot by Chris Kreider.
14:09 of 2nd period - Deflect By Andrei Kuzmenko.
14:09 of 2nd period - Shot Blocked by Logan O'Connor.
14:53 of 2nd period - Shot by Nick Bonino.
14:53 of 2nd period - Shot Misses the Net.
15:05 of 2nd period - Shot by Jordan Martinook.
15:05 of 2nd period - Stopped by Dylan Wells without a rebound.
15:06 of 2nd period - Joey Abate wins face-off versus Lawson Crouse in Kings zone.
15:16 of 2nd period - Icing by Carson Soucy.
15:17 of 2nd period - Lawson Crouse wins face-off versus Vincent Arseneau in Canucks zone.
16:13 of 2nd period - Minor Penalty to Pierre-Cedric Labrie for Holding Stick.
16:14 of 2nd period - Brandon Baddock wins face-off versus Chris Kreider in Kings zone.
16:44 of 2nd period - Nick Bonino is hit by Josh Healey and loses puck.
17:11 of 2nd period - Shot by Matthew Boldy.
17:11 of 2nd period - Shot Misses the Net.
17:13 of 2nd period - Shot by Mattias Samuelsson.
17:13 of 2nd period - Shot Misses the Net.
17:15 of 2nd period - Shot by Mattias Samuelsson.
17:15 of 2nd period - Stopped by Dylan Wells with a rebound.
17:17 of 2nd period - Shot by Joel Edmundson.
17:17 of 2nd period - Shot Blocked by Vincent Arseneau.
17:19 of 2nd period - Shot by Joel Edmundson.
17:19 of 2nd period - Shot Blocked by Vincent Arseneau.
17:28 of 2nd period - Icing by Joel Edmundson.
17:29 of 2nd period - Mitch McLain wins face-off versus Andrei Kuzmenko in Canucks zone.
18:06 of 2nd period - Shot by Claude Giroux.
18:06 of 2nd period - Stopped by Dylan Wells without a rebound.
18:07 of 2nd period - Claude Giroux wins face-off versus Brandon Baddock in Kings zone.
19:35 of 2nd period - Off-side.
19:36 of 2nd period - Vincent Arseneau wins face-off versus Jonathan Toews in neutral zone.
19:47 of 2nd period - Shot by Jonathan Toews.
19:47 of 2nd period - Shot Blocked by Billy Sweezey.
19:49 of 2nd period - Shot by Jonathan Toews.
19:49 of 2nd period - Stopped by Dylan Wells with a rebound.
Goals for this period are 2 for Canucks vs 2 for Kings.
Shots for this period are 22 for Canucks vs 6 for Kings.

3rd period


0:01 of 3rd period - Claude Giroux wins face-off versus Ryan McLeod in neutral zone.
0:19 of 3rd period - Ryan McLeod is hit by Vince Dunn and loses puck.
0:30 of 3rd period - Shot by Chris Kreider.
0:30 of 3rd period - Stopped by Dylan Wells without a rebound.
0:31 of 3rd period - Jesperi Kotkaniemi wins face-off versus Jack Roslovic in Kings zone.
0:39 of 3rd period - Nick Bonino is hit by Mason Geertsen and loses puck.
1:07 of 3rd period - Minor Penalty to Will Riedell for Hooking.
1:08 of 3rd period - Claude Giroux wins face-off versus Brandon Baddock in Kings zone.
1:11 of 3rd period - Shot by Jamie Oleksiak.
1:11 of 3rd period - Shot Misses the Net.
1:13 of 3rd period - Shot by Jamie Oleksiak.
1:13 of 3rd period - Stopped by Dylan Wells with a rebound.
2:32 of 3rd period - Shot by Andrei Kuzmenko.
2:32 of 3rd period - Shot Misses the Net.
3:07 of 3rd period - Billy Sweezey is hit by Jordan Martinook and loses puck.
3:15 of 3rd period - Jack Roslovic is hit by Tyson Empey and loses puck.
4:03 of 3rd period - Shot by Robby Fabbri.
4:03 of 3rd period - Stopped by Dylan Wells without a rebound.
4:04 of 3rd period - Jonathan Toews wins face-off versus Jesperi Kotkaniemi in Kings zone.
4:11 of 3rd period - Shot by Matthew Boldy.
4:11 of 3rd period - Deflect By Jonathan Toews.
4:11 of 3rd period - Stopped by Dylan Wells without a rebound.
4:12 of 3rd period - Jonathan Toews wins face-off versus Ryan McLeod in Kings zone.
4:29 of 3rd period - Shot by Matthew Boldy.
4:29 of 3rd period - Stopped by Dylan Wells without a rebound.
4:30 of 3rd period - Jack Roslovic wins face-off versus Jesperi Kotkaniemi in Kings zone.
4:48 of 3rd period - Icing by Olli Maatta.
4:49 of 3rd period - Jack Roslovic wins face-off versus Vincent Arseneau in Canucks zone.
5:04 of 3rd period - Shot by Jordan Greenway.
5:04 of 3rd period - Stopped by Thatcher Demko without a rebound.
5:05 of 3rd period - Cody Glass wins face-off versus Ryan McLeod in Canucks zone.
5:28 of 3rd period - Shot by Teuvo Teravainen.
5:28 of 3rd period - Shot Misses the Net.
5:47 of 3rd period - Icing by Cody Glass.
5:48 of 3rd period - Vincent Arseneau wins face-off versus Cody Glass in Canucks zone.
5:57 of 3rd period - Shot by Jordan Greenway.
5:57 of 3rd period - Stopped by Thatcher Demko with a rebound.
5:59 of 3rd period - Shot by Jerad Rosburg.
5:59 of 3rd period - Shot Misses the Net.
6:04 of 3rd period - Shot by Mitch McLain.
6:04 of 3rd period - Shot Misses the Net.
6:06 of 3rd period - Shot by Vincent Arseneau.
6:06 of 3rd period - Stopped by Thatcher Demko without a rebound.
6:07 of 3rd period - Jonathan Toews wins face-off versus Joey Abate in Canucks zone.
6:23 of 3rd period - Shot by Pierre-Cedric Labrie.
6:23 of 3rd period - Shot Misses the Net.
6:28 of 3rd period - Icing by Olli Maatta.
6:29 of 3rd period - Vincent Arseneau wins face-off versus Jonathan Toews in Canucks zone.
6:44 of 3rd period - Shot by Lawson Crouse.
6:44 of 3rd period - Shot Blocked by Josh Healey.
6:54 of 3rd period - Shot by Jonathan Toews.
6:54 of 3rd period - Shot Misses the Net.
7:09 of 3rd period - Icing by Jonathan Toews.
7:10 of 3rd period - Ryan McLeod wins face-off versus Jonathan Toews in Canucks zone.
7:17 of 3rd period - Shot by Ryan McLeod.
7:17 of 3rd period - Shot Blocked by Olli Maatta.
7:19 of 3rd period - Shot by Teuvo Teravainen.
7:19 of 3rd period - Stopped by Thatcher Demko without a rebound.
7:20 of 3rd period - Claude Giroux wins face-off versus Jesperi Kotkaniemi in Canucks zone.
7:24 of 3rd period - Jamie Oleksiak is hit by Will Riedell and loses puck.
8:16 of 3rd period - Icing by Teuvo Teravainen.
8:17 of 3rd period - Jack Roslovic wins face-off versus Ryan McLeod in Kings zone.
8:24 of 3rd period - Shot by Nick Bonino.
8:24 of 3rd period - Stopped by Dylan Wells without a rebound.
8:25 of 3rd period - Vincent Arseneau wins face-off versus Jack Roslovic in Kings zone.
8:38 of 3rd period - Icing by Olli Maatta.
8:39 of 3rd period - Jack Roslovic wins face-off versus Joey Abate in Canucks zone.
8:52 of 3rd period - Shot by Joey Abate.
8:52 of 3rd period - Stopped by Thatcher Demko without a rebound.
8:53 of 3rd period - Ryan McLeod wins face-off versus Claude Giroux in Canucks zone.
8:58 of 3rd period - Shot by Teuvo Teravainen.
8:58 of 3rd period - Stopped by Thatcher Demko without a rebound.
8:59 of 3rd period - Vincent Arseneau wins face-off versus Cody Glass in Canucks zone.
9:16 of 3rd period - Shot by Robby Fabbri.
9:16 of 3rd period - Shot Misses the Net.
9:18 of 3rd period - Shot by Cody Glass.
9:18 of 3rd period - Shot Misses the Net.
9:53 of 3rd period - Minor Penalty to Teuvo Teravainen for Holding.
9:54 of 3rd period - Jonathan Toews wins face-off versus Brandon Baddock in Kings zone.
9:57 of 3rd period - Shot by Jonathan Toews.
9:57 of 3rd period - Stopped by Dylan Wells without a rebound.
9:58 of 3rd period - Brandon Baddock wins face-off versus Jonathan Toews in Kings zone.
10:13 of 3rd period - Shot by Andrei Kuzmenko.
10:13 of 3rd period - Shot Blocked by Brandon Baddock.
10:15 of 3rd period - Shot by Mattias Samuelsson.
10:15 of 3rd period - Stopped by Dylan Wells without a rebound.
10:16 of 3rd period - Claude Giroux wins face-off versus Brandon Baddock in Kings zone.
10:19 of 3rd period - Shot by Jamie Oleksiak.
10:19 of 3rd period - Stopped by Dylan Wells with a rebound.
10:21 of 3rd period - Shot by Jamie Oleksiak.
10:21 of 3rd period - Shot Misses the Net.
10:23 of 3rd period - Shot by Jamie Oleksiak.
10:23 of 3rd period - Stopped by Dylan Wells without a rebound.
10:24 of 3rd period - Claude Giroux wins face-off versus Brandon Baddock in Kings zone.
10:25 of 3rd period - Shot by Jamie Oleksiak.
10:25 of 3rd period - Shot Blocked by Jordan Greenway.
10:45 of 3rd period - Shot by Lawson Crouse.
10:45 of 3rd period - Shot Blocked by Jerad Rosburg.
10:47 of 3rd period - Shot by Jamie Oleksiak.
10:47 of 3rd period - Shot Misses the Net.
10:49 of 3rd period - Shot by Jamie Oleksiak.
10:49 of 3rd period - Stopped by Dylan Wells without a rebound.
10:50 of 3rd period - Mitch McLain wins face-off versus Jonathan Toews in Kings zone.
11:03 of 3rd period - Shot by Matthew Boldy.
11:03 of 3rd period - Stopped by Dylan Wells without a rebound.
11:04 of 3rd period - Claude Giroux wins face-off versus Brandon Baddock in Kings zone.
11:09 of 3rd period - Shot by Chris Kreider.
11:09 of 3rd period - Stopped by Dylan Wells without a rebound.
11:10 of 3rd period - Brandon Baddock wins face-off versus Claude Giroux in Kings zone.
11:19 of 3rd period - Shot by Vince Dunn.
11:19 of 3rd period - Shot Blocked by Will Riedell.
11:21 of 3rd period - Shot by Lawson Crouse.
11:21 of 3rd period - Stopped by Dylan Wells with a rebound.
11:35 of 3rd period - Shot by Claude Giroux.
11:35 of 3rd period - Stopped by Dylan Wells without a rebound.
11:36 of 3rd period - Jonathan Toews wins face-off versus Mitch McLain in Kings zone.
11:39 of 3rd period - Shot by Jonathan Toews.
11:39 of 3rd period - Shot Misses the Net.
11:56 of 3rd period - Shot by Jordan Martinook.
11:56 of 3rd period - Stopped by Dylan Wells without a rebound.
11:57 of 3rd period - Cody Glass wins face-off versus Joey Abate in Kings zone.
11:59 of 3rd period - Minor Penalty to Mason Geertsen for Hooking.
12:00 of 3rd period - Claude Giroux wins face-off versus Brandon Baddock in Kings zone.
12:15 of 3rd period - Shot by Claude Giroux.
12:15 of 3rd period - Shot Misses the Net.
12:17 of 3rd period - Shot by Lawson Crouse.
12:17 of 3rd period - Stopped by Dylan Wells with a rebound.
12:19 of 3rd period - Shot by Jamie Oleksiak.
12:19 of 3rd period - Stopped by Dylan Wells without a rebound.
12:20 of 3rd period - Jonathan Toews wins face-off versus Brandon Baddock in Kings zone.
12:25 of 3rd period - Shot by Matthew Boldy.
12:25 of 3rd period - Stopped by Dylan Wells with a rebound.
12:27 of 3rd period - Shot by Matthew Boldy.
12:27 of 3rd period - Stopped by Dylan Wells with a rebound.
12:29 of 3rd period - Shot by Joel Edmundson.
12:29 of 3rd period - Shot Blocked by Brandon Baddock.
12:31 of 3rd period - Shot by Mattias Samuelsson.
12:31 of 3rd period - Shot Blocked by Josh Healey.
12:33 of 3rd period - Shot by Joel Edmundson.
12:33 of 3rd period - Shot Blocked by Josh Healey.
12:35 of 3rd period - Shot by Joel Edmundson.
12:35 of 3rd period - Stopped by Dylan Wells with a rebound.
12:41 of 3rd period - Shot by Jonathan Toews.
12:41 of 3rd period - Shot Misses the Net.
12:49 of 3rd period - Shot by Jonathan Toews.
12:49 of 3rd period - Shot Blocked by Brandon Baddock.
12:55 of 3rd period - Shot by Andrei Kuzmenko.
12:55 of 3rd period - Stopped by Dylan Wells without a rebound.
12:56 of 3rd period - Mitch McLain wins face-off versus Claude Giroux in Kings zone.
13:07 of 3rd period - Shot by Claude Giroux.
13:07 of 3rd period - Shot Misses the Net.
13:11 of 3rd period - Shot by Chris Kreider.
13:11 of 3rd period - Stopped by Dylan Wells without a rebound.
13:12 of 3rd period - Claude Giroux wins face-off versus Jordan Greenway in Kings zone.
13:13 of 3rd period - Shot by Vince Dunn.
13:13 of 3rd period - Shot Blocked by Jordan Greenway.
13:15 of 3rd period - Shot by Lawson Crouse.
13:15 of 3rd period - Shot Blocked by Billy Sweezey.
14:04 of 3rd period - Off-side.
14:05 of 3rd period - Joey Abate wins face-off versus Jordan Martinook in neutral zone.
14:12 of 3rd period - Off-side.
14:13 of 3rd period - Jesperi Kotkaniemi wins face-off versus Jack Roslovic in neutral zone.
14:22 of 3rd period - Shot by Jordan Martinook.
14:22 of 3rd period - Deflect By Jack Roslovic.
14:22 of 3rd period - Shot Misses the Net.
14:24 of 3rd period - Shot by Jack Roslovic.
14:24 of 3rd period - Stopped by Dylan Wells without a rebound.
14:25 of 3rd period - Jack Roslovic wins face-off versus Pierre-Cedric Labrie in Kings zone.
14:29 of 3rd period - Jordan Martinook is hit by Jerad Rosburg and loses puck.
15:29 of 3rd period - Shot by Teuvo Teravainen.
15:29 of 3rd period - Shot Misses the Net.
15:58 of 3rd period - Logan O'Connor is hit by Carson Soucy and loses puck.
16:46 of 3rd period - Shot by Andrei Kuzmenko.
16:46 of 3rd period - Stopped by Dylan Wells with a rebound.
16:56 of 3rd period - Shot by Mitch McLain.
16:56 of 3rd period - Shot Blocked by Vince Dunn.
17:09 of 3rd period - Icing by Vince Dunn.
17:10 of 3rd period - Joey Abate wins face-off versus Claude Giroux in Canucks zone.
17:11 of 3rd period - Shot by Pierre-Cedric Labrie.
17:11 of 3rd period - Stopped by Thatcher Demko without a rebound.
17:12 of 3rd period - Jonathan Toews wins face-off versus Ryan McLeod in Canucks zone.
17:12 of 3rd period - Jonathan Toews is hit by Brandon Baddock.
17:43 of 3rd period - Shot by Matthew Boldy.
17:43 of 3rd period - Shot Misses the Net.
18:00 of 3rd period - Icing by Ryan McLeod.
18:01 of 3rd period - Ryan McLeod wins face-off versus Cody Glass in Kings zone.
18:01 of 3rd period - Teuvo Teravainen is hit by Cody Glass and loses puck.
18:25 of 3rd period - Chris Kreider is hit by Tyson Empey.
18:27 of 3rd period - Shot by Robby Fabbri.
18:27 of 3rd period - Stopped by Dylan Wells without a rebound.
18:28 of 3rd period - Jesperi Kotkaniemi wins face-off versus Lawson Crouse in Kings zone.
18:28 of 3rd period - Jesperi Kotkaniemi is hit by Jonathan Toews.
19:17 of 3rd period - Off-side.
19:18 of 3rd period - Jamie Devane wins face-off versus Jack Roslovic in neutral zone.
19:21 of 3rd period - Nick Bonino is hit by Pierre-Cedric Labrie and loses puck.
19:28 of 3rd period - Tyson Empey is hit by Jordan Martinook and loses puck.
19:41 of 3rd period - Shot by Nick Bonino.
19:41 of 3rd period - Stopped by Dylan Wells with a rebound.
19:43 of 3rd period - Shot by Nick Bonino.
19:43 of 3rd period - Stopped by Dylan Wells without a rebound.
19:44 of 3rd period - Claude Giroux wins face-off versus Vincent Arseneau in Kings zone.
19:48 of 3rd period - Chris Kreider is hit by Mason Geertsen and loses puck.
Goals for this period are 0 for Canucks vs 0 for Kings.
Shots for this period are 28 for Canucks vs 7 for Kings.